 Dungeon Crawl Stone Soup version 0.17.2-1-ge4368a0 (webtiles) character file.

5602 Goblin1989 the Grappler (level 10, -1/87 (88) HPs)
             Began as a Ghoul Monk on Nov 4, 2016.
             Was an Elder of Makhleb.
             Slain by an orc warrior
             ... wielding a +0 trident
              (4 damage)
             ... on level 9 of the Dungeon.
             The game lasted 00:35:25 (8134 turns).

Goblin1989 the Grappler (Ghoul Monk)                Turns: 8134, Time: 00:35:25

HP:   -1/87 (88)    AC: 13    Str: 19    XL:     10   Next: 73%
MP:   9/9           EV: 13    Int:  5    God:    Makhleb [****..]
Gold: 345           SH:  5    Dex: 15    Spells: 1 memorised, 3 levels left

rFire  . . .     SeeInvis .       - Unarmed
rCold  + + .     Clarity  .     m - +1 ring mail {rC+}
rNeg   + + +     SustAt   .     q - +0 buckler
rPois  ∞         Gourm    .     (no helmet)
rElec  .         Spirit   .     (no cloak)
rCorr  .         Warding  .     a - +0 pair of gloves
rMut   .         Stasis   .     l - +0 pair of boots
MR     .....                    (no amulet)
Stlth  +.........               o - +4 ring of dexterity
                                y - +4 ring of protection

@: rotting, not resistant to hostile enchantments, very unstealthy
A: rotting body, claws 1, carnivore 3, cold resistance 1, negative energy
resistance 3, slow regeneration 1, torment resistance, unbreathing
a: Minor Destruction, Lesser Servant of Makhleb, Major Destruction, Renounce
Religion


You were on level 9 of the Dungeon.
You worshipped Makhleb.
Makhleb was greatly pleased with you.
You were not hungry.

You visited 2 branches of the dungeon, and saw 10 of its levels.
You also visited: Sewer.

You collected 461 gold pieces.
You spent 116 gold pieces at shops.

Inventory:

Hand Weapons
 e - the +11 trident of the Shoals {freeze, MR+}
   (You found it on level 7 of the Dungeon)

   It has been specially enchanted to freeze those struck by it, causing extra
   injury to most foes and up to half again as much damage against particularly
   susceptible opponents.
   It can also slow down cold-blooded creatures.
   It affects your resistance to hostile enchantments.
Missiles
 k - 5 needles of sleeping
Armour
 a - a +0 pair of gloves (worn)
 l - a +0 pair of boots (worn)
 m - a +1 ring mail of cold resistance (worn)
 q - a +0 buckler (worn)
Jewellery
 o - a +4 ring of dexterity (right hand)
 s - an uncursed ring of see invisible
 y - a +4 ring of protection (left hand)
Wands
 x - a wand of slowing (28)
 z - a wand of frost (23)
 C - a wand of confusion (48)
Scrolls
 f - a scroll of brand weapon
 p - 2 scrolls of fear
 v - a scroll of enchant armour
 w - a scroll of immolation {!r}
 R - 4 scrolls of identify {@r1}
 T - 2 scrolls of teleportation {!r, @r4}
Potions
 d - a potion of magic
 i - a potion of brilliance
 j - a potion of agility
 n - a potion of haste {!q, @q3}
Books
 h - a book of Enchantments

   Spells                             Type                      Level
   a - Cause Fear                     Hexes                        4
   b - Silence                        Hexes/Air                    5
   c - Deflect Missiles               Charms/Air                   6
   d - Haste                          Charms                       6
   e - Discord                        Hexes                        8
 r - the Papyrus of Cankerous Augmentations
   (You found it on level 8 of the Dungeon)

   Spells                             Type                      Level
   a - Sting                          Conjuration/Poison           1
   b - Song of Slaying                Charms                       2
   c - Cure Poison                    Poison                       2
   d - Olgreb's Toxic Radiance        Poison                       4
   e - Warp Weapon                    Charms/Translocation         5
   f - Haste                          Charms                       6
 t - a book of Burglary

   Spells                             Type                      Level
   a - Swiftness                      Charms/Air                   2
   b - Passwall                       Transmutation/Earth          3
   c - Passage of Golubria            Translocation                4
   d - Lee's Rapid Deconstruction     Earth                        5
   e - Darkness                       Hexes                        6
   f - Invisibility                   Hexes                        6
 A - a book of Geomancy

   Spells                             Type                      Level
   a - Sandblast                      Earth                        1
   b - Stoneskin                      Transmutation/Earth          2
   c - Passwall                       Transmutation/Earth          3
   d - Stone Arrow                    Conjuration/Earth            3
   e - Petrify                        Transmutation/Earth          4
   f - Lee's Rapid Deconstruction     Earth                        5
Comestibles
 b - 4 meat rations {@e2}
 c - 6 beef jerkies
 g - 13 royal jellies
 u - a chunk of flesh {@w0}


   Skills:
 + Level 7.8 Fighting
 + Level 6.0 Armour
 + Level 4.6 Dodging
 - Level 2.1 Stealth
 - Level 4.0 Shields
 * Level 12.4 Unarmed Combat


You had 3 spell levels left.
You knew the following spells:

 Your Spells              Type           Power        Failure   Level  Hunger
H - Haste                 Chrm           #.......     100%        6    #######


Dungeon Overview and Level Annotations

Branches:
Dungeon (9/15)             Temple (1/1) D:6            Lair (0/8) D:8
    Orc: D:9-12

Altars:
Ashenzari
Elyvilon
Kikubaaqudgha
Makhleb
Nemelex Xobeh
Okawaru
Qazlal
Ru
Trog
Vehumet
Xom
Yredelemnul
Zin
The Shining One

Shops:
D:4 [   D:5 :   D:6 *   D:9 (


Innate Abilities, Weirdness & Mutations

Your body is rotting away.
You thrive on raw meat.
You are immune to poison.
You have sharp fingernails.
You are carnivorous and can eat meat at any time.
Your flesh is cold resistant.
You are immune to negative energy.
You regenerate slowly when monsters are visible.
You are immune to unholy pain and torment.
You can survive without breathing.


Message History

You punch the orc warrior!
The orc warrior is heavily wounded.
The orc warrior closely misses you.
You hit the orc warrior but do no damage.
The orc warrior is heavily wounded.
The orc warrior barely misses you.
An orc comes into view. It is wielding a mace.
The orc shouts!
You hit the orc warrior.
The orc warrior is heavily wounded.
The orc warrior hits you from afar with a glaive!!
* * * LOW HITPOINT WARNING * * *
The orc warrior closely misses you.
You take 18 damage, and have 3/87 hp.
MASSIVE DAMAGE!!
You closely miss the orc warrior.
The orc warrior is heavily wounded.
You hit the orc warrior.
The orc warrior is severely wounded.
The orc warrior hits you with a trident.
You die... █..████████ ██......... █..████^███ ██▲████████

█..█ █........(█
█..█ █.>......o███
█..█
█........ooo████..█
█.........█ooo██..█
█......((.███oo@..█
█..(...†..█ ████..█
▲....o....█ █..█
█....o....█ █....


████o██████ ████.█ █. ... o ███ █. You could see 2 orc warriors and 7 orcs.

Vanquished Creatures
  The ghost of Goblin1989 the Martial Artist, a novice DsWn of Gozag (D:8)
  Pikel (D:5)
  Prince Ribbit (D:5)
  Eustachio (D:5)
  2 humans (D:8)
  The ghost of ololoev the Skirmisher, an amateur DsFi (Sewer)
  A wyvern (D:8)
  A hippogriff (D:8)
  A mottled dragon (D:8)
  Menkaure (D:6)
  A black bear (D:6)
  2 ice beasts
  An ogre (D:4)
  6 centaurs
  3 orc warriors
  A phantom (D:6)
  4 scorpions
  3 crocodiles
  2 giant frogs
  5 wights (D:4)
  7 killer bees
  4 crimson imps
  An orc priest (D:9)
  A hound (D:4)
  An orc wizard (D:9)
  Jessica (D:3)
  7 jellies
  7 iguanas
  7 worker ants
  5 gnolls (D:8)
  14 adders
  2 river rats (D:6)
  2 shadow imps
  6 oozes
  4 worms
  5 giant geckos
  9 orcs
  11 goblins
  10 hobgoblins
  8 kobolds
  4 quokkas
  13 bats
  8 giant cockroaches
  4 giant newts
  7 rats
187 creatures vanquished.

Vanquished Creatures (others)
  A slave (D:5)
  A crimson imp (D:6)
2 creatures vanquished.

Grand Total: 189 creatures vanquished

Notes
Turn   | Place    | Note
--------------------------------------------------------------
     0 | D:1      | Goblin1989 the Ghoul Monk began the quest for the Orb.
     0 | D:1      | Reached XP level 1. HP: 19/19 MP: 0/0
   155 | D:1      | Reached XP level 2. HP: 15/25 MP: 1/1
   184 | D:1      | Reached skill level 5 in Unarmed Combat
   363 | D:1      | Reached XP level 3. HP: 30/30 MP: 2/2
   956 | D:2      | Reached skill level 6 in Unarmed Combat
   956 | D:2      | Reached XP level 4. HP: 35/38 MP: 3/3
  1142 | D:2      | Found a basalt altar of Yredelemnul.
  1923 | D:3      | Reached XP level 5. HP: 42/45 MP: 4/4
  2106 | D:3      | Noticed Jessica
  2109 | D:3      | Found a glowing golden altar of the Shining One.
  2113 | D:3      | Killed Jessica
  2113 | D:3      | Reached skill level 7 in Unarmed Combat
  2629 | D:4      | Noticed an ogre
  2640 | D:4      | Found Hikkucar's Armour Shoppe.
  2991 | D:4      | Killed an ogre
  2991 | D:4      | Reached skill level 8 in Unarmed Combat
  2991 | D:4      | Reached XP level 6. HP: 17/51 MP: 5/5
  3037 | D:4      | Bought a +0 buckler for 58 gold pieces
  3067 | D:4      | Bought a +0 pair of boots for 58 gold pieces
  3620 | D:5      | Entered Level 5 of the Dungeon
  3785 | D:4      | Reached skill level 1 in Armour
  3785 | D:4      | Reached skill level 1 in Shields
  3785 | D:4      | Reached XP level 7. HP: 26/56 MP: 6/6
  4227 | D:5      | Found a shattered altar of Ashenzari.
  4326 | D:5      | Noticed Pikel
  4353 | D:5      | Killed Pikel
  4353 | D:5      | Reached skill level 9 in Unarmed Combat
  4353 | D:5      | Reached XP level 8. HP: 52/67 MP: 7/7
  4480 | D:5      | Noticed Eustachio
  4482 | D:5      | Found Ipnus's Book Shoppe.
  4567 | D:5      | HP: 3/66 [river rat[Eustachio] (4)]
  4571 | D:5      | Killed Eustachio
  4571 | D:5      | Reached skill level 5 in Fighting
  4571 | D:5      | Reached skill level 10 in Unarmed Combat
  4931 | D:5      | Noticed Prince Ribbit
  4974 | D:5      | Killed Prince Ribbit
  4974 | D:5      | Reached XP level 9. HP: 29/71 MP: 8/8
  5389 | D:6      | Noticed Menkaure
  5395 | D:6      | Killed Menkaure
  5515 | D:6      | Found Eqekyec's Assorted Antiques.
  5659 | D:6      | Found a glowing drain.
  5676 | Sewer    | Entered a sewer
  5676 | Sewer    | Noticed ololoev's ghost (amateur DsFi)
  5690 | Sewer    | Killed ololoev's ghost
  5869 | D:6      | Learned a level 6 spell: Haste
  5915 | D:6      | Reached skill level 11 in Unarmed Combat
  6057 | D:6      | Found a staircase to the Ecumenical Temple.
  6113 | Temple   | Entered the Ecumenical Temple
  6263 | Temple   | Became a worshipper of Makhleb the Destroyer
  6263 | Temple   | Reached * piety under Makhleb
  6263 | Temple   | Reached ** piety under Makhleb
  6300 | D:6      | Found a shimmering altar of Xom.
  6436 | D:7      | Got a faintly glowing trident
  6437 | D:7      | Identified the +11 trident of the Shoals {freeze, MR+} (You found it on level 7 of the Dungeon)
  6732 | D:7      | You fall through a shaft!
  6800 | D:8      | Identified the Papyrus of Cankerous Augmentations
  6821 | D:8      | Found an iron altar of Okawaru.
  6868 | D:8      | Noticed Goblin1989's ghost (novice DsWn)
  6882 | D:8      | Killed Goblin1989's ghost
  6882 | D:8      | Reached skill level 5 in Armour
  6882 | D:8      | Reached XP level 10. HP: 35/86 MP: 9/9
  7318 | D:8      | Reached *** piety under Makhleb
  7348 | D:8      | Reached skill level 12 in Unarmed Combat
  7482 | D:8      | Found a staircase to the Lair.
  8038 | D:9      | Found Oqy Do Imi's Antique Weapon Shoppe.
  8055 | D:9      | Reached **** piety under Makhleb
  8132 | D:9      | HP: 3/87 [orc warrior/glaive (18)]
  8134 | D:9      | Slain by an orc warrior

Action                   |  1- 3 |  4- 6 |  7- 9 | 10-12 || total
-------------------------+-------+-------+-------+-------++-------
Melee: Unarmed           |    94 |   191 |   310 |   237 ||   832
  Use: Potion            |       |       |     5 |       ||     5
       Scroll            |       |       |    14 |     1 ||    15
 Stab: Sleeping          |     4 |     9 |     5 |     1 ||    19
  Eat: Chunk             |    15 |    26 |    24 |    26 ||    91

Vault maps used:
D:1:      roderic_crossed_star
D:2:      lemuel_round_altar, first_bread
D:3:      nicolae_tso_carved_into_rock, uniq_jessica
D:4:      serial_shops, shop
D:5:      old_standard_altar, serial_shops, nicolae_shop_window_shopping,
          uniq_pikel, uniq_prince_ribbit1, uniq_eustachio
D:6:      black_bear_nest_2, minmay_temple_entry_purple_smoke,
          portal_sewer_entry_b, serial_shops, shop, serial_park_tiny_pond,
          xom_teletrap_fun, uniq_menkaure
D:7:      nicolae_gozag_seed_capital
D:8:      okawaru_humans, erik_lair_dragon, hangedman_little_slice_of_home,
          kennysheep_generic_room_14
D:9:      nicolae_overflow_hidden_temple, serial_shops, nicolae_shop_stone,
          eino_tiny_chamber, lemuel_tele_altar
Temple:   bh_familiar_temple
Sewer:    sewer_big_baddie
